 Dungeon Crawl Stone Soup version 0.29.0-11-gd7f09526c8 (webtiles) character file.

Game seed: 3050617469850508514

9 blackman the Sneak (level 2, -2/24 HPs)
             Began as a Demonspawn Delver on Sept 6, 2022.
             Slain by a bullfrog (4 damage)
             ... on level 5 of the Dungeon.
             The game lasted 00:01:39 (399 turns).

blackman the Sneak (Demonspawn Delver)               Turns: 399, Time: 00:01:40

Health: -2/24      AC:  3    Str: 12    XL:     2   Next: 3%
Magic:  2/2        EV: 13    Int: 11    God:
Gold:   0          SH:  0    Dex: 14    Spells: 1/1 levels left

rFire   . . .      SeeInvis .   a - +0 mace
rCold   . . .      Faith    .   (no shield)
rNeg    . . .      Spirit   .   b - +0 leather armour
rPois   .          Reflect  .   (no helmet)
rElec   .          Harm     .   (no cloak)
rCorr   .          Rampage  .   (no gloves)
Will    .....                   (no boots)
Stlth   ++........              (no amulet)
HPRegen 0.08/turn               (no ring)
MPRegen 0.08/turn               (no ring)

@: lethally poisoned (-2 -> -9)
A: repulsion field 1
a: no special abilities


You were on level 5 of the Dungeon.
You visited 1 branch of the dungeon, and saw 1 of its levels.

Inventory:

Hand Weapons
 a - a +0 mace (weapon)
Armour
 b - a +0 leather armour (worn)
Wands
 g - a wand of digging (3)
Scrolls
 c - a scroll of fog
Potions
 d - a potion of heal wounds {unknown}


   Skills:
 - Level 3.0 Fighting
 - Level 1.7 Maces & Flails
 - Level 1.7 Dodging
 - Level 4.5 Stealth
 * Level 1.5 Unarmed Combat


You had one spell level left.
You didn't know any spells.
Your spell library contained the following spells:

 Spells                   Type           Power      Damage    Failure   Level
 Frozen Ramparts          Ice            0%         1d1       80%         3
 Ice Form                 Ice/Tmut       0%         N/A       99%         4
 Summon Ice Beast         Ice/Summ       0%         N/A       99%         4
 Blade Hands              Tmut           0%         N/A       100%        5
 Irradiate                Conj/Tmut      0%         3d11      100%        5
 Dragon Form              Tmut           0%         N/A       100%        7


Dungeon Overview and Level Annotations

Branches:
Dungeon (5/15)
 Temple: D:4-7

Altars:
Hepliaklqana


Innate Abilities, Weirdness & Mutations

You are surrounded by a mild repulsion field. (EV +2)


Message History

Unknown command.
A black bear comes into view.
The howler monkey hoots and howls with incredible vigour!
You hear a shout! x3; You hear a croak.
The howler monkey hoots and howls with incredible vigour!
You hear a shout! x3
Found a stone staircase leading up.
A scorpion comes into view.
The howler monkey attacks as you move away!
The howler monkey hits you but does no damage.
An ice beast comes into view.
As you read the scroll labelled NATZUU DEDEYMI, it crumbles to dust.
You hear the tinkle of a tiny bell.
It was a scroll of butterflies.
The ice beast barely misses your butterfly.
A bullfrog comes into view.
The howler monkey closely misses you. The scorpion stings you.
You are poisoned.
The scorpion poisons you!
You swap places.
You feel very sick. Something bites your butterfly.
Your butterfly dies!
Your butterfly disappears in a burst of colours!
The howler monkey hoots and howls with incredible vigour!
Something barely misses your butterfly.
You hear a shout! x2
The ice beast attacks as you move away! The ice beast hits you.
The ice beast freezes you.
You feel sick.
An ogre comes into view. It is wielding a +0 giant club.
The ice beast hits your butterfly.
Your butterfly dies!
Your butterfly disappears in a burst of colours!
The scorpion stings you.
* * * LOW HITPOINT WARNING * * *
* * * LOW HITPOINT WARNING * * *
You feel sick. The howler monkey hits your butterfly!
Your butterfly dies!
Your butterfly disappears in a burst of colours!
The bullfrog hits you.
You die...

..+.## #.####h####
***h#**,,,,* ..+.# *,*
##.## *,,..,,,,,* ♣.###
*,**#...## *,,*##**,** ..#
*,*#.###.#### *,,* *,* *
.## *,*#.* #hb..# *,,*
*,*** ##
*,*#.###.##b###..*****,**,
#
*,##....#bbb..O..,,,,,,,,,
**,#...bb.sF.....#****,,*,,
*......bY.@#.####* *,,*,,
*.#....#####.# *,,*,,
#####**,#.#.#* *,# *,,*,,
....#*,..,#.******,****
*,,*,,
.....,,.,,#,,,,,,,,,,,*
*,,,,,
###.#*,,,**,,*****,*,,*
****,,
*,***,***,,,,,,,,*,,* *,,
*,* *,* *,,*******,,* *,,
**,***,* *,,* *,***** **,


You could see an ice beast (ally target), an ogre, a bullfrog, a scorpion (ally
target) and a howler monkey (ally target).

Vanquished Creatures
  An adder (D:5)
1 creature vanquished.

Notes
Turn   | Place    | Note
-------+----------+-------------------------------------------
     0 | D:5      | blackman the Demonspawn Delver began the quest for the Orb.
     0 | D:5      | Reached XP level 1. HP: 18/18 MP: 1/1
     8 | D:5      | Noticed an iguana
    98 | D:5      | Reached skill level 1 in Unarmed Combat
    98 | D:5      | Gained mutation: You are surrounded by a mild repulsion
                  | field. (EV +2) [demonic ancestry]
    98 | D:5      | Reached XP level 2. HP: 7/24 MP: 2/2
   380 | D:5      | Found a hazy altar of Hepliaklqana.
   383 | D:5      | Noticed a howler monkey
   384 | D:5      | Noticed a black bear
   394 | D:5      | Noticed a scorpion
   395 | D:5      | Noticed an ice beast
   396 | D:5      | Noticed a bullfrog
   398 | D:5      | Noticed an ogre
   399 | D:5      | Slain by a bullfrog

Illustrated notes

Levels and vault maps discovered:
D:5:      layout_loops_ring, serial_shops, shop, kennysheep_cluttered_room,
          grunt_decor_fettered, hangedman_feature_mirror, uniq_duvessa

Skill      XL: |  1 |
---------------+----+-----
Unarmed Combat | 1 |  1.5
Fighting       | |  3.0
Maces & Flails | |  1.7
Dodging        | |  1.7
Stealth        | |  4.5

Action                   || total
-------------------------++-------
Melee: Mace              ||     7
  Use: Scroll            ||     3
       Potion            ||     1
Armor: Leather armour    ||     3
Dodge: Dodged            ||     4
